Detroit Red Wings vs San Jose Sharks
Created - Monday, March 27, 2023 at 08:08
Goals
|
| Detroit Red Wings |
1 |
1 |
2 |
0 |
1 |
5 |
| San Jose Sharks |
0 |
1 |
3 |
0 |
0 |
4 |
|
Shots
|
| Detroit Red Wings |
13 |
11 |
15 |
1 |
3 |
40 |
| San Jose Sharks |
9 |
8 |
11 |
5 |
3 |
33 |
|
1st period
1. Detroit Red Wings , Jared McCann 4 (Mika Zibanejad 6) at 10:18
Penalties :
Michael Bunting (SJS) for Holding (Minor) at 1:42, MacKenzie Weegar (DET) for Spearing (Major / Game Misconduct) at 13:42
2nd period
2. Detroit Red Wings , Sean Couturier 7 (Brock Nelson 2) at 1:43 (SH)
3. San Jose Sharks , William Karlsson 10 (Ryan Hartman 8) at 2:38 (PP)
Penalties :
Keith Yandle (DET) for Hooking (Minor) at 1:05, Jacob Middleton (SJS) for Elbowing (Minor) at 5:50
3rd period
4. Detroit Red Wings , Jonathan Huberdeau 5 (Auston Matthews 7) at 4:22
5. San Jose Sharks , Nick Paul 4 (Henri Jokiharju 2, Michael Bunting 5) at 8:15
6. San Jose Sharks , Michael Bunting 4 (Jakob Silfverberg 6) at 11:40 (PP)
7. Detroit Red Wings , Mika Zibanejad 8 (Sean Couturier 5) at 13:55 (PP)
8. San Jose Sharks , Derek Forbort 1 (Oliver Bjorkstrand 10, Ryan Hartman 9) at 18:52
Penalties :
Shayne Gostisbehere (DET) for Hooking (Minor) at 11:02, Ryan Hartman (SJS) for Holding (Minor) at 12:27
Overtime #1
No Goal
Penalties :
No Penalty
Shootout
Detroit Red Wings, Mika Zibanejad - Shot Misses the Net
San Jose Sharks, Ryan Hartman - Stopped by Sergei Bobrovsky
Detroit Red Wings, Jonathan Huberdeau - Stopped by Malcolm Subban
San Jose Sharks, William Karlsson - Stopped by Sergei Bobrovsky
Detroit Red Wings, Auston Matthews - Goal!
San Jose Sharks, Oliver Bjorkstrand - Shot Misses the Net
Penalties :
No Penalty
Goalie Stats
Sergei Bobrovsky (DET), 29 saves from 33 shots - (0.879), W, 5-3-0, 65:00 minutes
Malcolm Subban (SJS), 36 saves from 40 shots - (0.900), OTL, 1-0-1, 65:00 minutes
Players Stats for Detroit Red Wings
Player Name G A P +/- PIM S H SB GA TA FO MP PP MP PK MP
------------------------------------------------------------------------------------
Arthur Kaliyev 0 0 0 0 0 0 0 0 0 0 0/0 8:06 0:00 0:00
Auston Matthews 0 1 1 0 0 5 2 0 1 0 22/35 22:57 3:20 0:52
Brock Nelson 0 1 1 1 0 3 3 0 1 0 4/8 16:56 3:20 2:48
Daniel Sprong 0 0 0 0 0 2 1 0 0 0 1/1 13:47 0:00 0:30
Jamie Drysdale 0 0 0 0 0 1 0 1 0 1 0/0 21:53 3:42 1:34
Jared McCann 1 0 1 0 0 5 3 0 2 0 0/1 14:41 2:06 0:00
Jason Spezza 0 0 0 0 0 2 0 2 0 1 0/0 14:15 0:00 0:56
Jason Zucker 0 0 0 0 0 2 0 0 0 0 0/0 8:25 0:00 0:57
Jonathan Huberdeau 1 0 1 0 0 7 7 1 0 0 0/0 25:19 3:20 2:57
Keith Yandle 0 0 0 -1 2 0 0 0 0 0 0/0 16:31 0:51 1:55
Kris Letang 0 0 0 1 0 0 2 0 0 1 0/0 30:23 2:02 3:23
MacKenzie Weegar 0 0 0 0 15 2 1 0 0 1 0/0 5:10 0:53 0:00
Michael Del Zotto 0 0 0 1 0 1 2 1 1 1 0/0 28:13 0:00 3:50
Michael McCarron 0 0 0 0 0 1 0 1 0 0 3/3 7:05 0:00 0:00
Mika Zibanejad 1 1 2 0 0 4 0 0 1 0 13/19 19:03 2:06 2:57
Sean Couturier 1 1 2 1 0 1 1 1 0 1 0/4 22:59 2:06 2:53
Shayne Gostisbehere 0 0 0 1 2 2 2 2 0 1 0/0 26:11 3:24 3:08
Tyler Ennis 0 0 0 0 0 2 1 0 1 0 0/0 10:53 0:00 0:00
Players Stats for San Jose Sharks
Player Name G A P +/- PIM S H SB GA TA FO MP PP MP PK MP
------------------------------------------------------------------------------------
Andreas Athanasiou 0 0 0 0 0 3 0 0 1 0 4/9 10:44 0:00 0:00
Anthony DeAngelo 0 0 0 -2 0 1 2 0 2 2 0/0 22:55 2:29 3:27
David Savard 0 0 0 0 0 0 1 2 0 0 0/0 30:13 3:41 1:59
Derek Forbort 1 0 1 0 0 4 2 1 0 2 0/0 30:05 3:41 1:59
Henri Jokiharju 0 1 1 1 0 0 1 0 0 1 0/0 12:00 1:00 0:00
Jacob Middleton 0 0 0 1 2 0 1 1 0 0 0/0 11:53 1:00 0:00
Jakob Silfverberg 0 1 1 -1 0 1 1 1 0 1 0/1 18:06 1:59 1:04
Jesper Fast 0 0 0 0 0 0 1 0 0 0 1/3 8:45 0:22 1:27
Joel Edmundson 0 0 0 -2 0 1 2 1 0 1 0/0 22:55 2:29 3:27
Michael Bunting 1 1 2 -1 2 5 0 0 1 0 0/1 15:40 1:59 0:00
Mike Hoffman 0 0 0 0 0 0 0 1 0 0 0/0 12:52 0:58 0:00
Nick Paul 1 0 1 -1 0 1 3 0 0 0 4/14 17:10 1:59 1:22
Oliver Bjorkstrand 0 1 1 0 0 6 2 0 1 0 0/2 23:08 3:51 1:25
Oskar Sundqvist 0 0 0 0 0 0 0 0 0 0 0/3 8:04 1:02 0:25
Ryan Hartman 0 2 2 0 2 1 3 1 1 0 17/35 24:31 3:50 2:11
Sonny Milano 0 0 0 0 0 1 2 1 0 0 0/0 7:22 0:45 0:00
Tanner Pearson 0 0 0 0 0 4 0 0 0 0 0/0 12:49 0:55 0:00
William Karlsson 1 0 1 0 0 5 1 0 1 0 2/3 25:19 3:50 2:58
3 Stars
1 - Jonathan Huberdeau (DET)
2 - Sean Couturier (DET)
3 - Mika Zibanejad (DET)
Power Play
Detroit Red Wings - 1 on 3 Attempt(s) - 33.33%
San Jose Sharks - 2 on 3 Attempt(s) - 66.67%
Penalty Kill
Detroit Red Wings - 1 on 3 Attempt(s) - 33.33%
- Score 1 goal in Penalty Kill
San Jose Sharks - 2 on 3 Attempt(s) - 66.67%
- Score 0 goal in Penalty Kill
Team Stat
Detroit Red Wings - Hits : 25 - Faceoff Wins : 43 - Blocked Shots : 9 - Penalty Minutes : 19
San Jose Sharks - Hits : 22 - Faceoff Wins : 28 - Blocked Shots : 9 - Penalty Minutes : 6
Official
Referees : Dan O'Rourke and Gord Dwyer
Linesman : Bryan Pancich and Greg Devorski
Game Notes
MacKenzie Weegar ejected from game at 13:42 of 1st period
Finance
Level 1 -- Attendance: 6000 (100.00%) -- Ticket Income $582,000
Level 2 -- Attendance: 4313 (86.26%) -- Ticket Income $245,841
Level 3 -- Attendance: 2842 (94.73%) -- Ticket Income $93,786
Level 4 -- Attendance: 5000 (100.00%) -- Ticket Income $110,000
Luxury Box -- Attendance: 872 (87.20%) -- Ticket Income $168,296
Game was played at the SAP Center at San Jose.
Total Attendance: 19027 (95.14%)
Total Ticket Income: $1,199,923
Other Income: $419,973
Total Income: $1,619,896
Detroit Red Wings
5 vs 5 Forward
Center Left Wing Right Wing Time % Phy DF OF
1 Auston Matthews Jonathan Huberdeau Sean Couturier 40 1 2 2
2 Mika Zibanejad Jared McCann Jason Spezza 30 1 2 2
3 Brock Nelson Tyler Ennis Daniel Sprong 20 1 2 2
4 Michael McCarron Jason Zucker Arthur Kaliyev 10 1 2 2
5 vs 5 Defense
Defense Defense Time % Phy DF OF
1 Kris Letang MacKenzie Weegar 40 1 2 2
2 Michael Del Zotto Shayne Gostisbehere 30 1 2 2
3 Jamie Drysdale Keith Yandle 20 1 2 2
4 Kris Letang Jamie Drysdale 10 1 2 2
PowerPlay Forward
Center Left Wing Right Wing Time % Phy DF OF
1 Auston Matthews Jonathan Huberdeau Brock Nelson 50 1 2 2
2 Mika Zibanejad Jared McCann Sean Couturier 50 1 2 2
PowerPlay Defense
Defense Defense Time % Phy DF OF
1 Kris Letang MacKenzie Weegar 50 1 2 2
2 Shayne Gostisbehere Jamie Drysdale 50 1 2 2
Penalty Kill 4 Players Forward
Center Wing Time % Phy DF OF
1 Sean Couturier Brock Nelson 50 1 2 2
2 Mika Zibanejad Jonathan Huberdeau 50 1 2 2
Penalty Kill 4 Players Defense
Defense Defense Time % Phy DF OF
1 Kris Letang MacKenzie Weegar 50 1 2 2
2 Shayne Gostisbehere Michael Del Zotto 50 1 2 2
Penalty Kill - 3 Players Forward
Forward Time % Phy DF OF
1 Mika Zibanejad 50 1 2 2
2 Sean Couturier 50 1 2 2
Penalty Kill - 3 Players Defense
Defense Defense Time % Phy DF OF
1 Kris Letang MacKenzie Weegar 50 1 2 2
2 Shayne Gostisbehere Jamie Drysdale 50 1 2 2
4 vs 4 Forward
Center Wing Time % Phy DF OF
1 Auston Matthews Jonathan Huberdeau 60 1 2 2
2 Mika Zibanejad Sean Couturier 40 1 2 2
4 vs 4 Defense
Defense Defense Time % Phy DF OF
1 Kris Letang MacKenzie Weegar 60 1 2 2
2 Shayne Gostisbehere Jamie Drysdale 40 1 2 2
Last Minutes Offensive
Center Left Wing Right Wing Defense Defense
Auston Matthews Jonathan Huberdeau Mika Zibanejad Kris Letang MacKenzie Weegar
Last Minutes Defensive
Center Left Wing Right Wing Defense Defense
Auston Matthews Sean Couturier Mika Zibanejad Kris Letang MacKenzie Weegar
Goaltenders
Starting : Sergei Bobrovsky
Backup : Semyon Varlamov
Extra Forwards
Normal : Sean Couturier, Daniel Sprong, Arthur Kaliyev - PP : Jason Spezza, Jason Zucker - PK : Jason Spezza
Extra Defensemen
Normal : Michael Del Zotto, Keith Yandle, Shayne Gostisbehere - PP : Keith Yandle - PK : Michael Del Zotto, Keith Yandle
Penalty Shots
Mika Zibanejad, Jonathan Huberdeau, Auston Matthews, Sean Couturier, Kris Letang
San Jose Sharks
5 vs 5 Forward
Center Left Wing Right Wing Time % Phy DF OF
1 Ryan Hartman William Karlsson Oliver Bjorkstrand 40 1 2 2
2 Nick Paul Michael Bunting Jakob Silfverberg 30 1 2 2
3 Andreas Athanasiou Tanner Pearson Mike Hoffman 20 1 2 2
4 Oskar Sundqvist Sonny Milano Jesper Fast 10 1 2 2
5 vs 5 Defense
Defense Defense Time % Phy DF OF
1 David Savard Derek Forbort 40 1 2 2
2 Anthony DeAngelo Joel Edmundson 30 1 2 2
3 Henri Jokiharju Jacob Middleton 20 1 2 2
4 David Savard Derek Forbort 10 1 2 2
PowerPlay Forward
Center Left Wing Right Wing Time % Phy DF OF
1 Ryan Hartman William Karlsson Oliver Bjorkstrand 60 1 2 2
2 Nick Paul Michael Bunting Jakob Silfverberg 40 1 2 2
PowerPlay Defense
Defense Defense Time % Phy DF OF
1 David Savard Derek Forbort 60 1 2 2
2 Anthony DeAngelo Joel Edmundson 40 1 2 2
Penalty Kill 4 Players Forward
Center Wing Time % Phy DF OF
1 Ryan Hartman William Karlsson 60 1 2 2
2 Oliver Bjorkstrand Jakob Silfverberg 40 1 2 2
Penalty Kill 4 Players Defense
Defense Defense Time % Phy DF OF
1 David Savard Derek Forbort 60 1 2 2
2 Anthony DeAngelo Joel Edmundson 40 1 2 2
Penalty Kill - 3 Players Forward
Forward Time % Phy DF OF
1 Ryan Hartman 60 1 2 2
2 William Karlsson 40 1 2 2
Penalty Kill - 3 Players Defense
Defense Defense Time % Phy DF OF
1 David Savard Derek Forbort 60 1 2 2
2 Anthony DeAngelo Joel Edmundson 40 1 2 2
4 vs 4 Forward
Center Wing Time % Phy DF OF
1 Ryan Hartman William Karlsson 60 1 2 2
2 Oliver Bjorkstrand Jakob Silfverberg 40 1 2 2
4 vs 4 Defense
Defense Defense Time % Phy DF OF
1 David Savard Derek Forbort 60 1 2 2
2 Anthony DeAngelo Joel Edmundson 40 1 2 2
Last Minutes Offensive
Center Left Wing Right Wing Defense Defense
Ryan Hartman William Karlsson Oliver Bjorkstrand David Savard Derek Forbort
Last Minutes Defensive
Center Left Wing Right Wing Defense Defense
Ryan Hartman William Karlsson Oliver Bjorkstrand David Savard Derek Forbort
Goaltenders
Starting : Malcolm Subban
Backup : Marc-Andre Fleury
Extra Forwards
Normal : Tanner Pearson, Mike Hoffman, Jesper Fast - PP : Tanner Pearson, Mike Hoffman - PK : Jesper Fast
Extra Defensemen
Normal : Henri Jokiharju, Jacob Middleton, Anthony DeAngelo - PP : Henri Jokiharju - PK : Jacob Middleton, Anthony DeAngelo
Penalty Shots
Ryan Hartman, William Karlsson, Oliver Bjorkstrand, Jakob Silfverberg, Nick Paul
% Time on Ice - Detroit Red Wings
Lines # - Real PCT - Wanted PCT - Time Play
Normal Forward
1 - 35% - 40% - 16:34
2 - 27% - 30% - 12:52
3 - 23% - 20% - 10:53
4 - 15% - 10% - 7:05
Normal Defense
1 - 46% - 40% - 21:44
2 - 28% - 30% - 13:18
3 - 21% - 20% - 9:52
4 - 5% - 10% - 2:30
PP Forward
1 - 61% - 50% - 3:20
2 - 39% - 50% - 2:06
PP Defense
1 - 37% - 50% - 2:02
2 - 63% - 50% - 3:24
PK Forward
1 - 48% - 50% - 3:28
2 - 52% - 50% - 3:42
PK Defense
1 - 64% - 50% - 4:36
2 - 36% - 50% - 2:34
PK3 Forward
1 - 0% - 50%
2 - 0% - 50%
PK3 Defense
1 - 0% - 50%
2 - 0% - 50%
44 Forward
1 - 77% - 60% - 3:52
2 - 23% - 40% - 1:08
44 Defense
1 - 72% - 60% - 3:37
2 - 28% - 40% - 1:23
Last Minute Offensive - 0:00
Last Minute Defensive - 0:00
Total
Forward - 65:00
Defense - 65:00
|
% Time on Ice - San Jose Sharks
Lines # - Real PCT - Wanted PCT - Time Play
Normal Forward
1 - 34% - 40% - 16:21
2 - 29% - 30% - 13:42
3 - 23% - 20% - 10:44
4 - 14% - 10% - 6:37
Normal Defense
1 - 43% - 40% - 20:17
2 - 32% - 30% - 14:56
3 - 21% - 20% - 10:11
4 - 4% - 10% - 2:00
PP Forward
1 - 72% - 60% - 5:11
2 - 28% - 40% - 1:59
PP Defense
1 - 65% - 60% - 4:41
2 - 35% - 40% - 2:29
PK Forward
1 - 80% - 60% - 4:22
2 - 20% - 40% - 1:04
PK Defense
1 - 37% - 60% - 1:59
2 - 63% - 40% - 3:27
PK3 Forward
1 - 0% - 60%
2 - 0% - 40%
PK3 Defense
1 - 0% - 60%
2 - 0% - 40%
44 Forward
1 - 73% - 60% - 3:39
2 - 27% - 40% - 1:21
44 Defense
1 - 59% - 60% - 2:57
2 - 41% - 40% - 2:03
Last Minute Offensive - 0:00
Last Minute Defensive - 0:00
Total
Forward - 65:00
Defense - 65:00
|
Play-by-Play
1st period
0:01 of 1st period - Auston Matthews wins face-off versus Ryan Hartman in neutral zone.
0:09 of 1st period - Slapshot by MacKenzie Weegar.
0:09 of 1st period - Shot Blocked by Derek Forbort.
0:11 of 1st period - Wrist shot by Auston Matthews.
0:11 of 1st period - Shot Blocked by Ryan Hartman.
0:13 of 1st period - Slapshot by MacKenzie Weegar.
0:13 of 1st period - Shot Misses the Net.
0:15 of 1st period - Slapshot by Jonathan Huberdeau.
0:15 of 1st period - Shot Misses the Net.
0:17 of 1st period - Slapshot by Auston Matthews.
0:17 of 1st period - Deflect By Jonathan Huberdeau.
0:17 of 1st period - Stopped by Malcolm Subban without a rebound.
0:18 of 1st period - Mika Zibanejad wins face-off versus Nick Paul in San Jose Sharks zone.
0:21 of 1st period - Slapshot by Jared McCann.
0:21 of 1st period - Shot Misses the Net.
0:29 of 1st period - Wrist shot by Michael Bunting.
0:29 of 1st period - Stopped by Sergei Bobrovsky without a rebound.
0:30 of 1st period - Andreas Athanasiou wins face-off versus Brock Nelson in Detroit Red Wings zone.
0:31 of 1st period - Wrist shot by Tanner Pearson.
0:31 of 1st period - Stopped by Sergei Bobrovsky without a rebound.
0:32 of 1st period - Brock Nelson wins face-off versus Andreas Athanasiou in Detroit Red Wings zone.
0:39 of 1st period - Wrist shot by Brock Nelson.
0:39 of 1st period - Shot Blocked by Jacob Middleton.
1:01 of 1st period - Backhand shot by Sonny Milano.
1:01 of 1st period - Stopped by Sergei Bobrovsky with a rebound.
1:03 of 1st period - Backhand shot by Henri Jokiharju.
1:03 of 1st period - Deflect By Oskar Sundqvist.
1:03 of 1st period - Shot Blocked by Michael McCarron.
1:03 of 1st period - Puck is out of play.
1:04 of 1st period - Auston Matthews wins face-off versus Ryan Hartman in Detroit Red Wings zone.
1:16 of 1st period - Kris Letang is hit by Oliver Bjorkstrand and loses puck.
1:42 of 1st period - Minor Penalty to Michael Bunting for Holding.
1:43 of 1st period - Auston Matthews wins face-off versus Ryan Hartman in San Jose Sharks zone.
1:59 of 1st period - Snap shot by William Karlsson.
1:59 of 1st period - Shot Misses the Net.
2:53 of 1st period - David Savard is hit by Jonathan Huberdeau and loses puck.
3:42 of 1st period - Penalty to Michael Bunting is over, Michael Bunting is back on ice.
4:03 of 1st period - Wrist shot by Andreas Athanasiou.
4:03 of 1st period - Shot Misses the Net.
4:05 of 1st period - Slapshot by Henri Jokiharju.
4:05 of 1st period - Shot Misses the Net.
4:07 of 1st period - Snap shot by Tanner Pearson.
4:07 of 1st period - Stopped by Sergei Bobrovsky with a rebound.
4:09 of 1st period - Wrist shot by Mike Hoffman.
4:09 of 1st period - Shot Blocked by Shayne Gostisbehere.
4:30 of 1st period - Icing by Oskar Sundqvist.
4:31 of 1st period - Mika Zibanejad wins face-off versus Oskar Sundqvist in San Jose Sharks zone.
4:34 of 1st period - Snap shot by Jared McCann.
4:34 of 1st period - Stopped by Malcolm Subban with a rebound.
4:36 of 1st period - Slapshot by MacKenzie Weegar.
4:36 of 1st period - Stopped by Malcolm Subban with a rebound.
4:38 of 1st period - Slapshot by MacKenzie Weegar.
4:38 of 1st period - Stopped by Malcolm Subban without a rebound.
4:39 of 1st period - Mika Zibanejad wins face-off versus Ryan Hartman in San Jose Sharks zone.
5:33 of 1st period - Snap shot by Tanner Pearson.
5:33 of 1st period - Stopped by Sergei Bobrovsky without a rebound.
5:34 of 1st period - Ryan Hartman wins face-off versus Auston Matthews in Detroit Red Wings zone.
5:37 of 1st period - Slapshot by Oliver Bjorkstrand.
5:37 of 1st period - Stopped by Sergei Bobrovsky with a rebound.
5:44 of 1st period - Snap shot by Ryan Hartman.
5:44 of 1st period - Shot Blocked by Jonathan Huberdeau.
5:46 of 1st period - Wrist shot by William Karlsson.
5:46 of 1st period - Shot Misses the Net.
5:50 of 1st period - Snap shot by Ryan Hartman.
5:50 of 1st period - Shot Misses the Net.
6:00 of 1st period - Jason Spezza is hit by David Savard and loses puck.
6:30 of 1st period - Snap shot by Brock Nelson.
6:30 of 1st period - Stopped by Malcolm Subban with a rebound.
6:44 of 1st period - Snap shot by Oliver Bjorkstrand.
6:44 of 1st period - Shot Misses the Net.
6:46 of 1st period - Wrist shot by William Karlsson.
6:46 of 1st period - Stopped by Sergei Bobrovsky without a rebound.
6:47 of 1st period - Auston Matthews wins face-off versus Oliver Bjorkstrand in Detroit Red Wings zone.
7:12 of 1st period - MacKenzie Weegar is hit by Derek Forbort and loses puck.
7:28 of 1st period - Snap shot by Jonathan Huberdeau.
7:28 of 1st period - Shot Misses the Net.
8:05 of 1st period - Ryan Hartman is hit by Jonathan Huberdeau and loses puck.
8:44 of 1st period - Snap shot by Jonathan Huberdeau.
8:44 of 1st period - Stopped by Malcolm Subban with a rebound.
8:46 of 1st period - Slapshot by Shayne Gostisbehere.
8:46 of 1st period - Deflect By Auston Matthews.
8:46 of 1st period - Stopped by Malcolm Subban with a rebound.
8:48 of 1st period - Slapshot by Shayne Gostisbehere.
8:48 of 1st period - Stopped by Malcolm Subban without a rebound.
8:49 of 1st period - Nick Paul wins face-off versus Mika Zibanejad in San Jose Sharks zone.
9:48 of 1st period - Arthur Kaliyev is hit by Sonny Milano.
10:00 of 1st period - Snap shot by Michael Bunting.
10:00 of 1st period - Stopped by Sergei Bobrovsky without a rebound.
10:01 of 1st period - Mika Zibanejad wins face-off versus Michael Bunting in Detroit Red Wings zone.
10:18 of 1st period - Wrist shot by Jared McCann.
10:18 of 1st period - Goal by Jared McCann - Detroit Red Wings : 1 - San Jose Sharks : 0.
10:19 of 1st period - Nick Paul wins face-off versus Jared McCann in neutral zone.
11:06 of 1st period - Off-side.
11:07 of 1st period - Michael McCarron wins face-off versus Jesper Fast in neutral zone.
11:12 of 1st period - Slapshot by Shayne Gostisbehere.
11:12 of 1st period - Shot Blocked by Sonny Milano.
11:14 of 1st period - Wrist shot by Jason Zucker.
11:14 of 1st period - Shot Misses the Net.
11:16 of 1st period - Slapshot by Shayne Gostisbehere.
11:16 of 1st period - Stopped by Malcolm Subban without a rebound.
11:17 of 1st period - Mika Zibanejad wins face-off versus Jakob Silfverberg in San Jose Sharks zone.
12:07 of 1st period - Snap shot by Tyler Ennis.
12:07 of 1st period - Stopped by Malcolm Subban with a rebound.
12:33 of 1st period - Slapshot by Jason Zucker.
12:33 of 1st period - Deflect By Jakob Silfverberg.
12:33 of 1st period - Shot Misses the Net.
12:33 of 1st period - Puck is out of play.
12:34 of 1st period - Ryan Hartman wins face-off versus Mika Zibanejad in San Jose Sharks zone.
12:39 of 1st period - Ryan Hartman is hit by Shayne Gostisbehere and loses puck.
13:09 of 1st period - Snap shot by Auston Matthews.
13:09 of 1st period - Stopped by Malcolm Subban with a rebound.
13:14 of 1st period - Icing by Anthony DeAngelo.
13:15 of 1st period - Brock Nelson wins face-off versus Nick Paul in San Jose Sharks zone.
13:20 of 1st period - Slapshot by Brock Nelson.
13:20 of 1st period - Stopped by Malcolm Subban with a rebound.
13:26 of 1st period - Snap shot by Brock Nelson.
13:26 of 1st period - Deflect By Daniel Sprong.
13:26 of 1st period - Shot Blocked by Jakob Silfverberg.
13:26 of 1st period - Puck is out of play.
13:27 of 1st period - Ryan Hartman wins face-off versus Auston Matthews in San Jose Sharks zone.
13:27 of 1st period - Ryan Hartman is hit by MacKenzie Weegar.
13:42 of 1st period - Major / Game Misconduct Penalty to MacKenzie Weegar for Spearing.
13:42 of 1st period - MacKenzie Weegar is ejected from game.
13:43 of 1st period - Ryan Hartman wins face-off versus Sean Couturier in Detroit Red Wings zone.
13:53 of 1st period - Wrist shot by Ryan Hartman.
13:53 of 1st period - Shot Misses the Net.
16:36 of 1st period - Sean Couturier is hit by Joel Edmundson and loses puck.
18:42 of 1st period - Penalty to MacKenzie Weegar is over, Jason Spezza is send on ice.
19:04 of 1st period - Wrist shot by Jason Zucker.
19:04 of 1st period - Shot Misses the Net.
19:27 of 1st period - Icing by Shayne Gostisbehere.
19:28 of 1st period - Andreas Athanasiou wins face-off versus Brock Nelson in Detroit Red Wings zone.
19:58 of 1st period - Snap shot by Michael Bunting.
19:58 of 1st period - Stopped by Sergei Bobrovsky without a rebound.
19:59 of 1st period - Auston Matthews wins face-off versus Nick Paul in Detroit Red Wings zone.
19:59 of 1st period - Auston Matthews is hit by Nick Paul.
Goals for this period are 1 for Detroit Red Wings vs 0 for San Jose Sharks.
Shots for this period are 13 for Detroit Red Wings vs 9 for San Jose Sharks.
2nd period
0:01 of 2nd period - Ryan Hartman wins face-off versus Auston Matthews in neutral zone.
0:03 of 2nd period - Off-side.
0:04 of 2nd period - Auston Matthews wins face-off versus Ryan Hartman in neutral zone.
0:13 of 2nd period - Kris Letang is hit by Ryan Hartman and loses puck.
1:00 of 2nd period - Snap shot by Andreas Athanasiou.
1:00 of 2nd period - Stopped by Sergei Bobrovsky with a rebound.
1:02 of 2nd period - Wrist shot by Andreas Athanasiou.
1:02 of 2nd period - Stopped by Sergei Bobrovsky without a rebound.
1:03 of 2nd period - Auston Matthews wins face-off versus Ryan Hartman in Detroit Red Wings zone.
1:05 of 2nd period - Minor Penalty to Keith Yandle for Hooking.
1:06 of 2nd period - Ryan Hartman wins face-off versus Sean Couturier in Detroit Red Wings zone.
1:20 of 2nd period - Wrist shot by Anthony DeAngelo.
1:20 of 2nd period - Stopped by Sergei Bobrovsky with a rebound.
1:27 of 2nd period - Icing by Oliver Bjorkstrand.
1:28 of 2nd period - Ryan Hartman wins face-off versus Sean Couturier in San Jose Sharks zone.
1:43 of 2nd period - Snap shot by Sean Couturier.
1:43 of 2nd period - Goal by Sean Couturier - Detroit Red Wings : 2 - San Jose Sharks : 0.
1:44 of 2nd period - Mika Zibanejad wins face-off versus Ryan Hartman in neutral zone.
1:47 of 2nd period - Snap shot by Jonathan Huberdeau.
1:47 of 2nd period - Stopped by Malcolm Subban without a rebound.
1:48 of 2nd period - Ryan Hartman wins face-off versus Mika Zibanejad in San Jose Sharks zone.
2:01 of 2nd period - Snap shot by Mika Zibanejad.
2:01 of 2nd period - Stopped by Malcolm Subban with a rebound.
2:09 of 2nd period - Shayne Gostisbehere is hit by Derek Forbort and loses puck.
2:38 of 2nd period - Wrist shot by William Karlsson.
2:38 of 2nd period - Goal by William Karlsson - Detroit Red Wings : 2 - San Jose Sharks : 1.
2:39 of 2nd period - Auston Matthews wins face-off versus Nick Paul in neutral zone.
2:42 of 2nd period - Michael Bunting is hit by Kris Letang and loses puck.
2:49 of 2nd period - Slapshot by Jonathan Huberdeau.
2:49 of 2nd period - Shot Misses the Net.
3:58 of 2nd period - Slapshot by Andreas Athanasiou.
3:58 of 2nd period - Stopped by Sergei Bobrovsky without a rebound.
3:59 of 2nd period - Auston Matthews wins face-off versus Andreas Athanasiou in Detroit Red Wings zone.
5:15 of 2nd period - Slapshot by Jamie Drysdale.
5:15 of 2nd period - Shot Misses the Net.
5:17 of 2nd period - Snap shot by Michael McCarron.
5:17 of 2nd period - Shot Misses the Net.
5:19 of 2nd period - Snap shot by Jamie Drysdale.
5:19 of 2nd period - Stopped by Malcolm Subban with a rebound.
5:50 of 2nd period - Minor Penalty to Jacob Middleton for Elbowing.
5:51 of 2nd period - William Karlsson wins face-off versus Mika Zibanejad in San Jose Sharks zone.
6:05 of 2nd period - Wrist shot by Sean Couturier.
6:05 of 2nd period - Shot Misses the Net.
6:07 of 2nd period - Snap shot by Jared McCann.
6:07 of 2nd period - Stopped by Malcolm Subban without a rebound.
6:08 of 2nd period - Ryan Hartman wins face-off versus Auston Matthews in San Jose Sharks zone.
6:21 of 2nd period - Anthony DeAngelo is hit by Jonathan Huberdeau and loses puck.
6:34 of 2nd period - Joel Edmundson is hit by Jared McCann.
7:24 of 2nd period - Jonathan Huberdeau is hit by Joel Edmundson and loses puck.
7:50 of 2nd period - Penalty to Jacob Middleton is over, Jacob Middleton is back on ice.
7:55 of 2nd period - Wrist shot by Tanner Pearson.
7:55 of 2nd period - Shot Misses the Net.
9:24 of 2nd period - Off-side.
9:25 of 2nd period - Brock Nelson wins face-off versus Nick Paul in neutral zone.
10:15 of 2nd period - Mike Hoffman is hit by Jonathan Huberdeau and loses puck.
10:55 of 2nd period - Wrist shot by Mika Zibanejad.
10:55 of 2nd period - Shot Misses the Net.
10:57 of 2nd period - Slapshot by Jason Spezza.
10:57 of 2nd period - Stopped by Malcolm Subban with a rebound.
11:20 of 2nd period - Off-side.
11:21 of 2nd period - Auston Matthews wins face-off versus Ryan Hartman in neutral zone.
11:27 of 2nd period - Sean Couturier is hit by Ryan Hartman and loses puck.
11:34 of 2nd period - Slapshot by William Karlsson.
11:34 of 2nd period - Stopped by Sergei Bobrovsky with a rebound.
11:36 of 2nd period - Slapshot by Derek Forbort.
11:36 of 2nd period - Stopped by Sergei Bobrovsky without a rebound.
11:37 of 2nd period - Nick Paul wins face-off versus Mika Zibanejad in Detroit Red Wings zone.
11:48 of 2nd period - Wrist shot by Jakob Silfverberg.
11:48 of 2nd period - Shot Blocked by Jason Spezza.
12:02 of 2nd period - Derek Forbort is hit by Jonathan Huberdeau and loses puck.
12:25 of 2nd period - Snap shot by Tanner Pearson.
12:25 of 2nd period - Shot Misses the Net.
12:43 of 2nd period - Wrist shot by Sonny Milano.
12:43 of 2nd period - Shot Misses the Net.
12:49 of 2nd period - Jesper Fast is hit by Michael Del Zotto and loses puck.
13:04 of 2nd period - Snap shot by Michael Bunting.
13:04 of 2nd period - Deflect By Jakob Silfverberg.
13:04 of 2nd period - Shot Blocked by Shayne Gostisbehere.
13:04 of 2nd period - Puck is out of play.
13:05 of 2nd period - Mika Zibanejad wins face-off versus Nick Paul in Detroit Red Wings zone.
13:12 of 2nd period - Michael Bunting is hit by Jared McCann and loses puck.
13:25 of 2nd period - Wrist shot by Jared McCann.
13:25 of 2nd period - Stopped by Malcolm Subban without a rebound.
13:26 of 2nd period - Ryan Hartman wins face-off versus Auston Matthews in San Jose Sharks zone.
14:16 of 2nd period - Snap shot by Kris Letang.
14:16 of 2nd period - Shot Misses the Net.
14:44 of 2nd period - Michael Del Zotto is hit by Sonny Milano and loses puck.
15:03 of 2nd period - Slapshot by Jonathan Huberdeau.
15:03 of 2nd period - Shot Misses the Net.
15:42 of 2nd period - Mike Hoffman is hit by Brock Nelson and loses puck.
16:11 of 2nd period - Slapshot by Michael McCarron.
16:11 of 2nd period - Stopped by Malcolm Subban with a rebound.
17:09 of 2nd period - Backhand shot by Shayne Gostisbehere.
17:09 of 2nd period - Deflect By Jason Zucker.
17:09 of 2nd period - Stopped by Malcolm Subban without a rebound.
17:10 of 2nd period - Michael McCarron wins face-off versus Nick Paul in San Jose Sharks zone.
17:37 of 2nd period - Snap shot by Ryan Hartman.
17:37 of 2nd period - Shot Misses the Net.
17:47 of 2nd period - Slapshot by William Karlsson.
17:47 of 2nd period - Stopped by Sergei Bobrovsky without a rebound.
17:48 of 2nd period - Mika Zibanejad wins face-off versus Ryan Hartman in Detroit Red Wings zone.
17:48 of 2nd period - Mika Zibanejad is hit by Ryan Hartman.
18:02 of 2nd period - Anthony DeAngelo is hit by Shayne Gostisbehere.
19:01 of 2nd period - Off-side.
19:02 of 2nd period - Mika Zibanejad wins face-off versus Oskar Sundqvist in neutral zone.
19:07 of 2nd period - Wrist shot by Jared McCann.
19:07 of 2nd period - Shot Misses the Net.
19:28 of 2nd period - Wrist shot by Auston Matthews.
19:28 of 2nd period - Deflect By Sean Couturier.
19:28 of 2nd period - Shot Blocked by David Savard.
19:28 of 2nd period - Puck is out of play.
19:29 of 2nd period - Auston Matthews wins face-off versus William Karlsson in San Jose Sharks zone.
19:42 of 2nd period - Snap shot by Jonathan Huberdeau.
19:42 of 2nd period - Stopped by Malcolm Subban without a rebound.
19:43 of 2nd period - Auston Matthews wins face-off versus Ryan Hartman in San Jose Sharks zone.
19:46 of 2nd period - Snap shot by Auston Matthews.
19:46 of 2nd period - Stopped by Malcolm Subban with a rebound.
19:51 of 2nd period - Off-side.
19:52 of 2nd period - William Karlsson wins face-off versus Auston Matthews in neutral zone.
19:57 of 2nd period - Jonathan Huberdeau is hit by William Karlsson and loses puck.
Goals for this period are 1 for Detroit Red Wings vs 1 for San Jose Sharks.
Shots for this period are 11 for Detroit Red Wings vs 8 for San Jose Sharks.
3rd period
0:01 of 3rd period - Ryan Hartman wins face-off versus Auston Matthews in neutral zone.
0:04 of 3rd period - Oliver Bjorkstrand is hit by Jonathan Huberdeau.
0:09 of 3rd period - Snap shot by Ryan Hartman.
0:09 of 3rd period - Deflect By Oliver Bjorkstrand.
0:09 of 3rd period - Shot Blocked by Michael Del Zotto.
0:09 of 3rd period - Puck is out of play.
0:10 of 3rd period - Auston Matthews wins face-off versus Ryan Hartman in Detroit Red Wings zone.
0:39 of 3rd period - Snap shot by William Karlsson.
0:39 of 3rd period - Stopped by Sergei Bobrovsky without a rebound.
0:40 of 3rd period - Mika Zibanejad wins face-off versus Nick Paul in Detroit Red Wings zone.
0:40 of 3rd period - Mika Zibanejad is hit by Anthony DeAngelo.
0:47 of 3rd period - Kris Letang is hit by Anthony DeAngelo and loses puck.
0:50 of 3rd period - Snap shot by Jason Spezza.
0:50 of 3rd period - Shot Misses the Net.
0:52 of 3rd period - Snap shot by Jason Spezza.
0:52 of 3rd period - Stopped by Malcolm Subban with a rebound.
0:54 of 3rd period - Wrist shot by Mika Zibanejad.
0:54 of 3rd period - Stopped by Malcolm Subban with a rebound.
0:56 of 3rd period - Slapshot by Kris Letang.
0:56 of 3rd period - Shot Blocked by Joel Edmundson.
1:19 of 3rd period - Snap shot by Tanner Pearson.
1:19 of 3rd period - Stopped by Sergei Bobrovsky without a rebound.
1:20 of 3rd period - Ryan Hartman wins face-off versus Auston Matthews in Detroit Red Wings zone.
1:48 of 3rd period - Icing by Michael Del Zotto.
1:49 of 3rd period - Nick Paul wins face-off versus Auston Matthews in Detroit Red Wings zone.
1:52 of 3rd period - Backhand shot by Michael Bunting.
1:52 of 3rd period - Stopped by Sergei Bobrovsky with a rebound.
2:13 of 3rd period - Icing by Sean Couturier.
2:14 of 3rd period - Auston Matthews wins face-off versus Ryan Hartman in Detroit Red Wings zone.
3:19 of 3rd period - Sonny Milano is hit by Auston Matthews and loses puck.
3:30 of 3rd period - Wrist shot by Auston Matthews.
3:30 of 3rd period - Shot Misses the Net.
3:32 of 3rd period - Snap shot by Sean Couturier.
3:32 of 3rd period - Shot Misses the Net.
4:06 of 3rd period - Slapshot by Joel Edmundson.
4:06 of 3rd period - Deflect By Kris Letang.
4:06 of 3rd period - Stopped by Sergei Bobrovsky without a rebound.
4:07 of 3rd period - Auston Matthews wins face-off versus Nick Paul in Detroit Red Wings zone.
4:22 of 3rd period - Slapshot by Jonathan Huberdeau.
4:22 of 3rd period - Goal by Jonathan Huberdeau - Detroit Red Wings : 3 - San Jose Sharks : 1.
4:23 of 3rd period - Ryan Hartman wins face-off versus Auston Matthews in neutral zone.
4:34 of 3rd period - David Savard is hit by Michael Del Zotto.
5:09 of 3rd period - Icing by Michael Del Zotto.
5:10 of 3rd period - Andreas Athanasiou wins face-off versus Brock Nelson in Detroit Red Wings zone.
5:23 of 3rd period - Slapshot by Kris Letang.
5:23 of 3rd period - Shot Misses the Net.
5:25 of 3rd period - Wrist shot by Daniel Sprong.
5:25 of 3rd period - Shot Misses the Net.
6:29 of 3rd period - Jason Zucker is hit by Henri Jokiharju and loses puck.
6:54 of 3rd period - Jesper Fast is hit by Tyler Ennis and loses puck.
7:20 of 3rd period - Wrist shot by Tyler Ennis.
7:20 of 3rd period - Shot Misses the Net.
7:36 of 3rd period - Wrist shot by Brock Nelson.
7:36 of 3rd period - Stopped by Malcolm Subban without a rebound.
7:37 of 3rd period - Auston Matthews wins face-off versus Ryan Hartman in San Jose Sharks zone.
8:04 of 3rd period - Jason Spezza is hit by Nick Paul and loses puck.
8:11 of 3rd period - Slapshot by Michael Bunting.
8:11 of 3rd period - Shot Misses the Net.
8:13 of 3rd period - Slapshot by Henri Jokiharju.
8:13 of 3rd period - Shot Blocked by Jason Spezza.
8:15 of 3rd period - Snap shot by Nick Paul.
8:15 of 3rd period - Goal by Nick Paul - Detroit Red Wings : 3 - San Jose Sharks : 2.
8:16 of 3rd period - Auston Matthews wins face-off versus Ryan Hartman in neutral zone.
8:43 of 3rd period - Jared McCann is hit by Nick Paul.
9:20 of 3rd period - Icing by Brock Nelson.
9:21 of 3rd period - Michael McCarron wins face-off versus Oskar Sundqvist in Detroit Red Wings zone.
9:28 of 3rd period - Snap shot by Jason Zucker.
9:28 of 3rd period - Stopped by Malcolm Subban without a rebound.
9:29 of 3rd period - Ryan Hartman wins face-off versus Auston Matthews in San Jose Sharks zone.
9:56 of 3rd period - Wrist shot by Tanner Pearson.
9:56 of 3rd period - Shot Misses the Net.
10:21 of 3rd period - Snap shot by Auston Matthews.
10:21 of 3rd period - Stopped by Malcolm Subban without a rebound.
10:22 of 3rd period - Ryan Hartman wins face-off versus Mika Zibanejad in San Jose Sharks zone.
11:02 of 3rd period - Minor Penalty to Shayne Gostisbehere for Hooking.
11:03 of 3rd period - Ryan Hartman wins face-off versus Sean Couturier in Detroit Red Wings zone.
11:38 of 3rd period - Slapshot by Michael Bunting.
11:38 of 3rd period - Shot Misses the Net.
11:40 of 3rd period - Wrist shot by Michael Bunting.
11:40 of 3rd period - Goal by Michael Bunting - Detroit Red Wings : 3 - San Jose Sharks : 3.
11:41 of 3rd period - Auston Matthews wins face-off versus Ryan Hartman in neutral zone.
11:52 of 3rd period - Wrist shot by Auston Matthews.
11:52 of 3rd period - Stopped by Malcolm Subban with a rebound.
12:08 of 3rd period - Ryan Hartman is hit by Brock Nelson and loses puck.
12:27 of 3rd period - Minor Penalty to Ryan Hartman for Holding.
12:28 of 3rd period - Jesper Fast wins face-off versus Auston Matthews in San Jose Sharks zone.
13:51 of 3rd period - Snap shot by Jonathan Huberdeau.
13:51 of 3rd period - Stopped by Malcolm Subban without a rebound.
13:52 of 3rd period - Mika Zibanejad wins face-off versus Jesper Fast in San Jose Sharks zone.
13:55 of 3rd period - Snap shot by Mika Zibanejad.
13:55 of 3rd period - Goal by Mika Zibanejad - Detroit Red Wings : 4 - San Jose Sharks : 3.
13:56 of 3rd period - Mika Zibanejad wins face-off versus Nick Paul in neutral zone.
14:01 of 3rd period - Snap shot by Jared McCann.
14:01 of 3rd period - Stopped by Malcolm Subban with a rebound.
15:35 of 3rd period - Jakob Silfverberg is hit by Jared McCann and loses puck.
15:56 of 3rd period - Wrist shot by Tanner Pearson.
15:56 of 3rd period - Shot Misses the Net.
16:15 of 3rd period - Auston Matthews is hit by Oliver Bjorkstrand and loses puck.
16:34 of 3rd period - Snap shot by Oskar Sundqvist.
16:34 of 3rd period - Shot Misses the Net.
16:36 of 3rd period - Snap shot by Oskar Sundqvist.
16:36 of 3rd period - Shot Misses the Net.
16:38 of 3rd period - Slapshot by Oskar Sundqvist.
16:38 of 3rd period - Shot Blocked by Jamie Drysdale.
17:24 of 3rd period - Wrist shot by Oliver Bjorkstrand.
17:24 of 3rd period - Stopped by Sergei Bobrovsky with a rebound.
17:26 of 3rd period - Wrist shot by Oliver Bjorkstrand.
17:26 of 3rd period - Stopped by Sergei Bobrovsky without a rebound.
17:27 of 3rd period - Auston Matthews wins face-off versus Ryan Hartman in Detroit Red Wings zone.
17:38 of 3rd period - Wrist shot by William Karlsson.
17:38 of 3rd period - Shot Blocked by Sean Couturier.
17:44 of 3rd period - Joel Edmundson is hit by Auston Matthews and loses puck.
18:37 of 3rd period - Jakob Silfverberg is hit by Brock Nelson and loses puck.
18:48 of 3rd period - Wrist shot by Ryan Hartman.
18:48 of 3rd period - Stopped by Sergei Bobrovsky without a rebound.
18:49 of 3rd period - Paul Maurice call a timeout for San Jose Sharks.
18:49 of 3rd period - Ryan Hartman wins face-off versus Auston Matthews in Detroit Red Wings zone.
18:50 of 3rd period - Slapshot by Oliver Bjorkstrand.
18:50 of 3rd period - Stopped by Sergei Bobrovsky with a rebound.
18:52 of 3rd period - Slapshot by Derek Forbort.
18:52 of 3rd period - Goal by Derek Forbort - Detroit Red Wings : 4 - San Jose Sharks : 4.
18:53 of 3rd period - Brock Nelson wins face-off versus Andreas Athanasiou in neutral zone.
18:56 of 3rd period - Snap shot by Michael Del Zotto.
18:56 of 3rd period - Shot Blocked by Mike Hoffman.
18:58 of 3rd period - Slapshot by Shayne Gostisbehere.
18:58 of 3rd period - Shot Misses the Net.
19:00 of 3rd period - Slapshot by Michael Del Zotto.
19:00 of 3rd period - Shot Misses the Net.
19:02 of 3rd period - Slapshot by Tyler Ennis.
19:02 of 3rd period - Stopped by Malcolm Subban with a rebound.
19:04 of 3rd period - Snap shot by Daniel Sprong.
19:04 of 3rd period - Stopped by Malcolm Subban with a rebound.
19:06 of 3rd period - Slapshot by Michael Del Zotto.
19:06 of 3rd period - Stopped by Malcolm Subban without a rebound.
19:07 of 3rd period - Auston Matthews wins face-off versus Andreas Athanasiou in San Jose Sharks zone.
19:16 of 3rd period - Snap shot by Jonathan Huberdeau.
19:16 of 3rd period - Shot Misses the Net.
19:18 of 3rd period - Wrist shot by Auston Matthews.
19:18 of 3rd period - Deflect By Jonathan Huberdeau.
19:18 of 3rd period - Stopped by Malcolm Subban without a rebound.
19:19 of 3rd period - Andreas Athanasiou wins face-off versus Brock Nelson in San Jose Sharks zone.
19:57 of 3rd period - Snap shot by Mika Zibanejad.
19:57 of 3rd period - Stopped by Malcolm Subban without a rebound.
19:58 of 3rd period - Mika Zibanejad wins face-off versus Andreas Athanasiou in San Jose Sharks zone.
19:59 of 3rd period - Slapshot by Jared McCann.
19:59 of 3rd period - Shot Misses the Net.
Goals for this period are 2 for Detroit Red Wings vs 3 for San Jose Sharks.
Shots for this period are 15 for Detroit Red Wings vs 11 for San Jose Sharks.
Overtime #1
0:01 of 1st overtime period - Auston Matthews wins face-off versus Ryan Hartman in neutral zone.
0:04 of 1st overtime period - Derek Forbort is hit by Kris Letang and loses puck.
0:17 of 1st overtime period - Snap shot by Ryan Hartman.
0:17 of 1st overtime period - Shot Misses the Net.
0:41 of 1st overtime period - Mike Hoffman is hit by Sean Couturier and loses puck.
1:11 of 1st overtime period - Wrist shot by Oliver Bjorkstrand.
1:11 of 1st overtime period - Stopped by Sergei Bobrovsky without a rebound.
1:12 of 1st overtime period - Daniel Sprong wins face-off versus Oliver Bjorkstrand in Detroit Red Wings zone.
1:21 of 1st overtime period - Snap shot by Shayne Gostisbehere.
1:21 of 1st overtime period - Deflect By Daniel Sprong.
1:21 of 1st overtime period - Stopped by Malcolm Subban with a rebound.
1:29 of 1st overtime period - Slapshot by Derek Forbort.
1:29 of 1st overtime period - Stopped by Sergei Bobrovsky with a rebound.
1:31 of 1st overtime period - Snap shot by David Savard.
1:31 of 1st overtime period - Deflect By Oliver Bjorkstrand.
1:31 of 1st overtime period - Stopped by Sergei Bobrovsky with a rebound.
1:33 of 1st overtime period - Slapshot by Derek Forbort.
1:33 of 1st overtime period - Stopped by Sergei Bobrovsky without a rebound.
1:34 of 1st overtime period - Auston Matthews wins face-off versus Ryan Hartman in Detroit Red Wings zone.
1:41 of 1st overtime period - Snap shot by Auston Matthews.
1:41 of 1st overtime period - Shot Blocked by David Savard.
1:43 of 1st overtime period - Snap shot by Auston Matthews.
1:43 of 1st overtime period - Shot Misses the Net.
1:45 of 1st overtime period - Snap shot by Jonathan Huberdeau.
1:45 of 1st overtime period - Shot Misses the Net.
2:31 of 1st overtime period - Wrist shot by Jakob Silfverberg.
2:31 of 1st overtime period - Stopped by Sergei Bobrovsky with a rebound.
2:33 of 1st overtime period - Wrist shot by Jakob Silfverberg.
2:33 of 1st overtime period - Shot Hit the Post.
3:05 of 1st overtime period - William Karlsson is hit by Jonathan Huberdeau and loses puck.
3:22 of 1st overtime period - Arthur Kaliyev is hit by Jesper Fast and loses puck.
3:31 of 1st overtime period - Snap shot by Nick Paul.
3:31 of 1st overtime period - Shot Misses the Net.
3:52 of 1st overtime period - Keith Yandle is hit by Jakob Silfverberg and loses puck.
4:25 of 1st overtime period - Jamie Drysdale is hit by Jacob Middleton.
4:35 of 1st overtime period - William Karlsson is hit by Daniel Sprong.
Goals for this period are 0 for Detroit Red Wings vs 0 for San Jose Sharks.
Shots for this period are 1 for Detroit Red Wings vs 5 for San Jose Sharks.
ShootOut
5:00 of 1st overtime period - Round #1.
5:00 of 1st overtime period - Detroit Red Wings, Mika Zibanejad.
5:00 of 1st overtime period - Backhand shot by Mika Zibanejad.
5:00 of 1st overtime period - Shot Misses the Net.
5:00 of 1st overtime period - San Jose Sharks, Ryan Hartman.
5:00 of 1st overtime period - Wrist shot by Ryan Hartman.
5:00 of 1st overtime period - Stopped by Sergei Bobrovsky.
5:00 of 1st overtime period - Round #2.
5:00 of 1st overtime period - Detroit Red Wings, Jonathan Huberdeau.
5:00 of 1st overtime period - Wrist shot by Jonathan Huberdeau.
5:00 of 1st overtime period - Stopped by Malcolm Subban.
5:00 of 1st overtime period - San Jose Sharks, William Karlsson.
5:00 of 1st overtime period - Deke by William Karlsson.
5:00 of 1st overtime period - Stopped by Sergei Bobrovsky.
5:00 of 1st overtime period - Round #3.
5:00 of 1st overtime period - Detroit Red Wings, Auston Matthews.
5:00 of 1st overtime period - Backhand shot by Auston Matthews.
5:00 of 1st overtime period - Goal by Auston Matthews.
5:00 of 1st overtime period - San Jose Sharks, Oliver Bjorkstrand.
5:00 of 1st overtime period - Snap shot by Oliver Bjorkstrand.
5:00 of 1st overtime period - Shot Misses the Net.
Back to the Top